 Seeded DCSS version 0.27.1-2-g3b301248ec (webtiles) character file.

Game seed: 4334112020812157148 (custom seed)

576 pancakes the Magician (level 7, -3/51 HPs)
             Began as a Gnoll Hedge Wizard on Sept 26, 2021.
             Slain by a killer bee zombie (5 damage)
             ... in an ossuary.
             The game lasted 00:27:03 (3641 turns).

pancakes the Magician (Gnoll Hedge Wizard)          Turns: 3641, Time: 00:27:04

Health: -3/51      AC:  6    Str: 10    XL:     7   Next: 35%
Magic:  0/18       EV: 13    Int: 21    God:
Gold:   189        SH:  0    Dex: 11    Spells: 4/21 levels left

rFire    . . .     SeeInvis .   a - +0 dagger
rCold    . . .     Faith    .   (no shield)
rNeg     . . .     Spirit   +   b - +0 robe
rPois    .         Reflect  .   c - +0 hat
rElec    .         Harm     .   (no cloak)
rCorr    .         Rampage  .   (no gloves)
Will     .....                  (no boots)
Stlth    +++.......             t - amulet of guardian spirit
HPRegen  0.17/turn              k - +6 ring of intelligence
MPRegen  0.16/turn              v - +4 ring of protection

@: no status effects
A: fangs 1, strong nose, distributed training
a: no special abilities


You were in an ossuary.
You visited 1 branch of the dungeon, and saw 4 of its levels.
You also visited: Ossuary.

You collected 189 gold pieces.

Inventory:

Hand Weapons
 a - a +0 dagger (weapon)
 n - a +0 hand axe
 r - a +0 hunting sling
 s - a +0 fustibalus
Missiles
 f - 54 sling bullets
 g - 19 poisoned darts (quivered)
 h - 62 bolts
 j - 45 arrows
 m - 73 stones
Armour
 b - a +0 robe (worn)
 c - a +0 hat (worn)
Magical Staves
 d - a staff of earth
Jewellery
 k - a +6 ring of intelligence (left hand)
 t - an amulet of guardian spirit (around neck)
 v - a +4 ring of protection (right hand)
Scrolls
 e - 3 scrolls of enchant weapon {unknown}
 i - a scroll of identify
 o - a scroll of acquirement {unknown}
 q - 3 scrolls of amnesia


   Skills:
 + Level 2.4 Fighting
 + Level 2.4 Short Blades
 + Level 2.4 Long Blades
 + Level 2.4 Axes
 + Level 2.4 Maces & Flails
 + Level 2.4 Polearms
 + Level 2.4 Staves
 + Level 2.4 Slings
 + Level 2.4 Bows
 + Level 2.4 Crossbows
 + Level 2.4 Throwing
 + Level 2.4 Armour
 + Level 5.2 Dodging
 + Level 4.9 Stealth
 + Level 2.4 Shields
 + Level 2.4 Unarmed Combat
 + Level 7.6 Spellcasting
 + Level 2.9 Conjurations
 + Level 2.0 Hexes
 + Level 2.9 Summonings
 + Level 2.0 Necromancy
 + Level 2.9 Translocations
 + Level 2.0 Transmutations
 + Level 2.0 Fire Magic
 + Level 2.0 Ice Magic
 + Level 2.0 Air Magic
 + Level 2.0 Earth Magic
 + Level 2.0 Poison Magic
 + Level 2.7 Invocations
 + Level 2.4 Evocations


You had 4 spell levels left.
You knew the following spells:

 Your Spells              Type           Power      Damage    Failure   Level
b - Blink                 Tloc           N/A        N/A       3%          2
d - Mephitic Cloud        Conj/Pois/Air  17%        N/A       10%         3
e - Conjure Flame         Conj/Fire      18%        6-21      9%          3
f - Fireball              Conj/Fire      9%         3d6       63%         5
g - Corona                Hex            17%        N/A       3%          1
n - Call Imp              Summ           20%        N/A       3%          2
s - Magic Dart            Conj           80%        1d7       2%          1

Your spell library contained the following spells:

 Spells                   Type           Power      Damage    Failure   Level
 Apportation              Tloc           40%        N/A       2%          1
 Summon Small Mammal      Summ           80%        N/A       2%          1
 Animate Skeleton         Necr           32%        N/A       3%          1
 Slow                     Hex            16%        N/A       5%          2
 Starburst                Conj/Fire      9%         6d5       99%         6
 Ignition                 Fire           8%         3d5       100%        8


Dungeon Overview and Level Annotations

Branches:
Dungeon (4/15)            Ossuary (1/1)
 Temple: D:4-7

Altars:
Vehumet
Wu Jian

Shops:
D:2 [*!*


Innate Abilities, Weirdness & Mutations

You have very sharp teeth.
Your uncanny sense of smell can sniff out nearby items.
Your experience applies equally to all skills.


Message History

The killer bee zombie barely misses you.
Your white imp gestures at the killer bee zombie.
The puff of frost hits the killer bee zombie.
The killer bee zombie resists.
Your crimson imp hits the bullfrog zombie.
You closely miss the killer bee zombie.
The killer bee zombie is heavily damaged.
The killer bee zombie hits you but does no damage.
Your white imp gestures at the bullfrog zombie.
The puff of frost hits the bullfrog zombie.
The bullfrog zombie resists.
The bullfrog zombie hits you.
* * * LOW HITPOINT WARNING * * *
Your white imp barely misses the killer bee zombie.
The killer bee zombie hits you but does no damage.
Your crimson imp hits the bullfrog zombie.
As you read the scroll labelled TEIDGH HOSAKOO, it crumbles to dust.
It is a scroll of identify.
q - 3 scrolls of amnesia The bullfrog zombie hits you but does no damage.
The killer bee zombie barely misses you.
Your white imp gestures at the bullfrog zombie.
The puff of frost hits the bullfrog zombie.
The bullfrog zombie resists.
Your white imp barely misses the killer bee zombie.
Your crimson imp blinks!
The bullfrog zombie closely misses you.
Unknown command.
Unknown command.
Unknown command.
Unknown command.
Unknown command.
Unknown command.
Unknown command.
You hit the killer bee zombie. Your bite misses the killer bee zombie.
The killer bee zombie is heavily damaged.
The killer bee zombie stops glowing.
The killer bee zombie closely misses you.
Your white imp completely misses the bullfrog zombie.
The killer bee zombie hits you.
You die...

≈≈ ≈≈ #≈ ###
## ≈≈≈# #P .≈
≈.#
#≈≈.#≈#'#M≈.#+
#M.≈≈≈.≈≈≈....
###≈##≈##'##+#
#55§# ∆∆∆
#.ZZ# ∆∆∆
#5.@# ∆∆∆
##### ∆∆∆ ∆∆∆
∆∆∆


You could see a bullfrog zombie (ally target), a killer bee zombie (ally
target), a friendly crimson imp (summoned) and 2 friendly white imps.

Vanquished Creatures
  Grinder (D:3)
  A scorpion (D:3)
  A centaur zombie (Ossuary)
  A bullfrog zombie (Ossuary)
  A hound (D:4)
  An iguana (D:3)
  An orc wizard (D:3)
  A killer bee zombie (Ossuary)
  4 mummies (Ossuary)
  2 dart slugs
  3 orcs (D:3)
  4 ball pythons
  5 bats
  4 endoplasms
  A giant cockroach (D:1)
  5 hobgoblins
  4 jackals (D:1)
  A quokka (D:2)
  8 frilled lizards
  5 goblins
  8 kobolds
  3 rats
65 creatures vanquished.

Vanquished Creatures (collateral kills)
  A water moccasin zombie (Ossuary)
  3 mummies (Ossuary)
4 creatures vanquished.

Vanquished Creatures (others)
  5 withered plants (Ossuary)
5 creatures vanquished.

Grand Total: 74 creatures vanquished

Notes
Turn   | Place    | Note
-------+----------+-------------------------------------------
     0 | D:1      | pancakes the Gnoll Hedge Wizard began the quest for the
                  | Orb.
     0 | D:1      | Reached XP level 1. HP: 13/13 MP: 8/8
   220 | D:1      | Reached XP level 2. HP: 19/19 MP: 7/10
  1026 | D:1      | Reached XP level 3. HP: 25/25 MP: 5/11
  1183 | D:1      | Found a faded altar of an unknown god.
  1290 | D:2      | Found an ornate altar of the Wu Jian Council.
  1338 | D:1      | Learned a level 2 spell: Blink
  1342 | D:1      | Learned a level 3 spell: Mephitic Cloud
  1346 | D:1      | Learned a level 3 spell: Conjure Flame
  1349 | D:1      | Learned a level 2 spell: Call Imp
  1387 | D:2      | Found Huseug's Assorted Antiques.
  1398 | D:2      | Found Atykhij's General Store.
  1551 | D:2      | Found Ane Jiaj's Antique Armour Shop.
  1640 | D:2      | Learned a level 1 spell: Corona
  1758 | D:2      | Found Dowkaex's Distillery.
  1918 | D:2      | Reached skill level 1 in Invocations
  2167 | D:3      | Noticed Grinder
  2211 | D:3      | HP: 1/37 [Grinder (3)]
  2212 | D:3      | Killed Grinder
  2213 | D:3      | Reached skill level 1 in Fighting
  2213 | D:3      | Reached skill level 1 in Short Blades
  2213 | D:3      | Reached skill level 1 in Long Blades
  2213 | D:3      | Reached skill level 1 in Axes
  2213 | D:3      | Reached skill level 1 in Maces & Flails
  2213 | D:3      | Reached skill level 1 in Polearms
  2213 | D:3      | Reached skill level 1 in Staves
  2213 | D:3      | Reached skill level 1 in Slings
  2213 | D:3      | Reached skill level 1 in Bows
  2213 | D:3      | Reached skill level 1 in Crossbows
  2213 | D:3      | Reached skill level 1 in Throwing
  2213 | D:3      | Reached skill level 1 in Armour
  2213 | D:3      | Reached skill level 1 in Shields
  2213 | D:3      | Reached skill level 1 in Unarmed Combat
  2213 | D:3      | Reached skill level 1 in Hexes
  2213 | D:3      | Reached skill level 1 in Necromancy
  2213 | D:3      | Reached skill level 1 in Transmutations
  2213 | D:3      | Reached skill level 1 in Fire Magic
  2213 | D:3      | Reached skill level 1 in Ice Magic
  2213 | D:3      | Reached skill level 1 in Air Magic
  2213 | D:3      | Reached skill level 1 in Earth Magic
  2213 | D:3      | Reached skill level 1 in Poison Magic
  2213 | D:3      | Reached skill level 1 in Evocations
  2213 | D:3      | Reached XP level 4. HP: 2/33 MP: 1/13
  2213 | D:3      | Reached XP level 5. HP: 2/38 MP: 1/14
  2614 | D:3      | Reached XP level 6. HP: 44/44 MP: 14/16
  2910 | D:3      | Learned a level 5 spell: Fireball
  2966 | D:3      | Reached skill level 5 in Dodging
  2971 | D:3      | Found a radiant altar of Vehumet.
  3288 | D:3      | forest
  3445 | D:4      | Found a sand-covered staircase.
  3450 | Ossuary  | Entered an ossuary
  3486 | Ossuary  | Reached XP level 7. HP: 25/50 MP: 6/18
  3639 | Ossuary  | HP: 1/51 [bullfrog zombie (5)]
  3641 | Ossuary  | Slain by a killer bee zombie

Illustrated notes

##.#..#### ###.################
...##....######...# #.........#
##.#####........#.####.........#
##...#########.##....).........#
#..#..## #####..####...........#
...##..###.....................#
##.###>..#..####''####.........#
...........##♣♣♣..♣ ##........#
.<#.####..##♣♣..@.♣ ##......##
#...###..##♣♣.....♣ ########
..).....##♣.......♣
##.....##♣........♣
.......#♣.♣♣......♣
.##..#.#♣♣♣♣..♣♣).♣ .......#
♣♣♣♣♣..♣♣ ..##...# ♣.##.♣
.###<..# ♣.##.♣


Turn 3288 on D:3: forest

Levels and vault maps discovered:
D:1:      dpeg_arrival_refuge, layout_basic, chequers_ecumenical_altar_twisty
D:2:      layout_loops_ring, basic_altar, serial_shops, shop_fountains, shop,
          shop, nicolae_square_shop
D:3:      kennysheep_big_flooded_room, layout_rooms, nicolae_vehumet_radiance,
          uniq_grinder
D:4:      layout_basic, trog_book, enter_ossuary_2, serial_shops, shop,
          uniq_blork_the_orc
Ossuary:  ossuary_zaba_flooded

Skill      XL: |  1  2  3  4  5  6  7 |
---------------+----------------------+-----
Conjurations   | 2 |  2.9
Summonings     | 2 |  2.9
Translocations | 2 |  2.9
Invocations    | 1 2 |  2.7
Fighting       | 1 2 |  2.4
Short Blades   | 1 2 |  2.4
Long Blades    | 1 2 |  2.4
Axes           | 1 2 |  2.4
Maces & Flails | 1 2 |  2.4
Polearms       | 1 2 |  2.4
Staves         | 1 2 |  2.4
Slings         | 1 2 |  2.4
Bows           | 1 2 |  2.4
Crossbows      | 1 2 |  2.4
Throwing       | 1 2 |  2.4
Armour         | 1 2 |  2.4
Shields        | 1 2 |  2.4
Unarmed Combat | 1 2 |  2.4
Hexes          | 1 2 |  2.0
Necromancy     | 1 2 |  2.0
Transmutations | 1 2 |  2.0
Fire Magic     | 1 2 |  2.0
Ice Magic      | 1 2 |  2.0
Air Magic      | 1 2 |  2.0
Earth Magic    | 1 2 |  2.0
Poison Magic   | 1 2 |  2.0
Evocations     | 1 2 |  2.4
Dodging        | 5 |  5.2
Stealth        | |  4.9
Spellcasting   | |  7.6

Action                   |  1- 3 |  4- 6 |  7- 9 || total
-------------------------+-------+-------+-------++-------
Melee: Dagger            |    21 |    41 |    53 ||   115
       Unarmed           |     9 |       |       ||     9
       Bite              |       |     4 |     4 ||     8
       Punch             |       |     1 |       ||     1
Throw: Dart              |       |     9 |       ||     9
 Cast: Magic Dart        |    80 |    41 |     1 ||   122
       Call Imp          |     3 |     2 |     8 ||    13
       Corona            |     1 |       |     6 ||     7
       Mephitic Cloud    |       |     4 |       ||     4
       Fireball          |       |     1 |       ||     1
  Use: Potion            |     2 |       |     1 ||     3
       Scroll            |       |     3 |     1 ||     4
 Stab: Sleeping          |     1 |       |       ||     1
       Distracted        |       |     1 |     1 ||     2
       Confused          |       |     1 |       ||     1
Armor: Robe              |     4 |     6 |    10 ||    20
       Skin              |    19 |       |       ||    19
Dodge: Dodged            |    12 |    15 |    36 ||    63
